 Dungeon Crawl Stone Soup version 0.31.0-11-ge490571c62 (webtiles) character file.

Game seed: 6159590800605676004

214 Bobbunny the Sneak (level 6, -2/51 HPs)
             Began as a Formicid Delver on Feb 3, 2024.
             Slain by Duvessa
             ... wielding a +0 rapier
              (10 damage)
             ... on level 4 of the Dungeon.
             The game lasted 00:02:52 (3264 turns).

Bobbunny the Sneak (Formicid Delver)                Turns: 3264, Time: 00:02:53

Health: -2/51      AC:  9    Str: 19    XL:     6   Next: 14%
Magic:  6/6        EV:  8    Int:  9    God:
Gold:   119        SH:  0    Dex: 15    Spells: 5/5 levels left

rFire   + . .        a - +0 hand axe
rCold   + . .        (no shield)
rNeg    . . .        n - +0 chain mail
rPois   +            (helmet unavailable)
rElec   +            v - +0 cloak
rCorr   +            (no gloves)
SInv    +            (no boots)
Will    .....        (no amulet)
Stlth   +            (no ring)
HPRegen 0.28/turn    (no ring)
MPRegen 0.10/turn

%: no passive effects
@: lit by a corona, resistant, glowing
A: permanent stasis, dig shafts and tunnels, antennae 3, four strong arms
a: Dig, Shaft Self


You were on level 4 of the Dungeon.
You visited 1 branch of the dungeon, and saw 5 of its levels.

You collected 203 gold pieces.
You spent 84 gold pieces at shops.

Inventory:

Hand Weapons
 a - a +0 hand axe (weapon)
Armour
 n - a +0 chain mail (worn)
 v - a +0 cloak (worn)
Wands
 f - a wand of digging (3)
Scrolls
 c - 2 scrolls of fog
 d - a scroll of revelation
 e - a scroll of fear
 h - a scroll of torment {unknown}
 k - a scroll of identify
 l - a scroll of brand weapon {unknown}
 o - 2 scrolls of butterflies {unknown}
 p - a scroll of immolation {unknown}
 r - 2 scrolls of enchant armour {unknown}
 u - a scroll of enchant weapon {unknown}
Potions
 j - a potion of might {unknown}
 m - 3 potions of mutation
 q - 2 potions of attraction
 s - a potion of lignification {unknown}
 t - a potion of curing


   Skills:
 + Level 5.4 Fighting
 + Level 4.4 Axes
 - Level 1.7 Dodging
 - Level 6.0 Stealth


You had 5 spell levels left.
You didn't know any spells.
Your spell library was empty.

Dungeon Overview and Level Annotations

Branches:
Dungeon (5/15)
 Temple: D:4-7

Altars:
Hepliaklqana
Kikubaaqudgha

Shops:
D:2 *

Annotations:
D:4 Dowan, Duvessa


Innate Abilities, Weirdness & Mutations

You cannot be hasted, slowed, berserked, paralysed or teleported.
You can dig through walls and to a lower floor.
You have a pair of large antennae on your head. (SInv)
Your four strong arms can wield two-handed weapons with a shield.


Message History

You barely miss Duvessa.
Duvessa is heavily wounded.
You barely miss Dowan. Duvessa hits you with a +0 rapier!
* * * LOW HITPOINT WARNING * * *
Dowan barely misses you. Duvessa hits you with a +0 rapier.
* * * LOW HITPOINT WARNING * * *
You feel much better. Duvessa hits you with a +0 rapier.
Dowan hits you but does no damage. Duvessa closely misses you.
You hit Duvessa.
Duvessa is heavily wounded.
You closely miss Dowan. Dowan hits you but does no damage.
Duvessa hits you with a +0 rapier.
You hit Duvessa.
Duvessa is heavily wounded.
You hit Dowan. Duvessa hits you with a +0 rapier. Dowan casts a spell at you.
The puff of flame hits you. You resist. Duvessa hits you with a +0 rapier.
You slash Duvessa!
Duvessa is severely wounded.
You closely miss Dowan. Dowan gestures at you while chanting.
The puff of flame hits you. You resist. Duvessa hits you with a +0 rapier.
* * * LOW HITPOINT WARNING * * *
Dowan hits you but does no damage.
You hit Duvessa but do no damage.
Duvessa is severely wounded.
You closely miss Dowan. Duvessa hits you with a +0 rapier.
* * * LOW HITPOINT WARNING * * *
Duvessa hits you with a +0 rapier.
* * * LOW HITPOINT WARNING * * *
Dowan barely misses you.
It was a potion of curing.
You feel better. Duvessa hits you with a +0 rapier.
* * * LOW HITPOINT WARNING * * *
Dowan hits you but does no damage.
You closely miss Duvessa.
Duvessa is severely wounded.
You miss Dowan. Duvessa hits you with a +0 rapier.
* * * LOW HITPOINT WARNING * * *
Duvessa hits you with a +0 rapier!
You die...

#.#.# #.....# ## #.#.#
##.##..# ..# #.#.###...#..##
#.#.# #.†....._...... #.#.#
#.##..#...###.. #.#.#
#..#..##.## #.# #.#.#
####.....# #.# #.#.#######
#.....####.. #......e@e#
#####......#
######...#####.#######..#.####
.........# #............#
######..######.############
#..##.....# #.....###.#
##.#..# #.# #.#..# #.# #.#..#
#.#


You could see Duvessa (fast) and Dowan.

Vanquished Creatures
  A hound (D:4)
  An orc priest (D:3)
  8 adders
  4 dart slugs
  2 ribbon worms
  3 orcs (D:3)
  4 ball pythons
  4 endoplasms
  2 giant cockroaches
  4 goblins
  5 hobgoblins
  10 jackals
  4 quokkas
  7 bats
  2 frilled lizards
  4 kobolds
  2 rats
67 creatures vanquished.

Notes
Turn   | Place    | Note
-------+----------+-------------------------------------------
     0 | D:5      | Bobbunny the Formicid Delver began the quest for the Orb.
     0 | D:5      | Reached XP level 1. HP: 18/18 MP: 1/1
   278 | D:2      | Reached XP level 2. HP: 24/24 MP: 2/2
   622 | D:1      | Reached XP level 3. HP: 28/30 MP: 3/3
  1273 | D:2      | Found Gisar's Assorted Antiques.
  1281 | D:2      | Bought a scroll labelled UXUMUNW LEIMIDYUH for 29 gold
                  | pieces
  1281 | D:2      | Bought an orange potion for 26 gold pieces
  1281 | D:2      | Bought a scroll labelled WOUJ COZETAGOI for 29 gold pieces
  1400 | D:2      | Reached XP level 4. HP: 35/38 MP: 4/4
  1981 | D:3      | Reached XP level 5. HP: 42/43 MP: 5/5
  2157 | D:3      | Found an ancient bone altar of Kikubaaqudgha.
  2433 | D:3      | Reached skill level 5 in Fighting
  2433 | D:3      | HP: 2/44 [orc/+0 club (3)]
  3040 | D:4      | Found a hazy altar of Hepliaklqana.
  3071 | D:4      | Reached XP level 6. HP: 34/51 MP: 6/6
  3234 | D:4      | Noticed Dowan
  3235 | D:4      | Noticed Duvessa
  3264 | D:4      | Slain by Duvessa

Illustrated notes

Levels and vault maps discovered:
D:1:      dreamdust_arrival_sigmund_warning, layout_basic,
          wander_ebering_terrifying_dragon_lair
D:2:      layout_loops_corners, serial_shops, shop
D:3:      layout_loops_ring, mainiacjoe_overflow_chevrons, nrook_uturn,
          chequers_arboretum, glass_columns_c
D:4:      layout_loops_ring, nicolae_overflow_crystal_walls, uniq_duvessa
D:5:      layout_gridville

Skill      XL: |  1  2  3  4  5 |
---------------+----------------+-----
Fighting       | 4 5 |  5.4
Axes           | 3 4 |  4.4
Dodging        | |  1.7
Stealth        | |  6.0

Action                     |  1- 3 |  4- 6 || total
---------------------------+-------+-------++-------
  Melee: Hand axe          |    90 |   193 ||   283
         Punch             |       |     2 ||     2
    Use: Scroll            |       |     3 ||     3
         Potion            |       |     4 ||     4
   Stab: Sleeping          |     5 |       ||     5
 Armour: Leather armour    |    25 |       ||    25
         Chain mail        |    41 |   202 ||   243
  Dodge: Dodged            |    42 |    77 ||   119
